 Seeded DCSS version 0.27.1-33-g824d729ab1 (webtiles) character file.

Game seed: 1804034943127337514 (custom seed)

2 croobank the Sneak (level 1, -2/18 HPs)
             Began as a Demonspawn Delver on Dec 12, 2021.
             Slain by a worm (8 damage)
             ... on level 3 of the Dungeon.
             The game lasted 00:02:05 (151 turns).

croobank the Sneak (Demonspawn Delver)               Turns: 151, Time: 00:02:05

Health: -2/18      AC:  4    Str: 12    XL:     1   Next: 25%
Magic:  1/1        EV: 11    Int: 11    God:
Gold:   9          SH:  0    Dex: 14    Spells: 0/0 levels left

rFire    . . .     SeeInvis .   a - +0 spear
rCold    . . .     Faith    .   (no shield)
rNeg     . . .     Spirit   .   b - +0 leather armour
rPois    .         Reflect  .   (no helmet)
rElec    .         Harm     .   j - +0 cloak
rCorr    .         Rampage  .   (no gloves)
Will     .....                  (no boots)
Stlth    +++.......             (no amulet)
HPRegen  0.06/turn              (no ring)
MPRegen  0.07/turn              (no ring)

@: no status effects
A: no striking features
a: no special abilities


You were on level 3 of the Dungeon.
You visited 1 branch of the dungeon, and saw 3 of its levels.

You collected 9 gold pieces.

Inventory:

Hand Weapons
 a - a +0 spear (weapon)
Armour
 b - a +0 leather armour (worn)
 j - a +0 cloak (worn)
Wands
 g - a wand of digging (3)
 h - a wand of mindburst (4)
Scrolls
 c - a scroll of fog
 d - a scroll of magic mapping
 e - a scroll of fear
Potions
 f - a potion of haste
 i - a potion of attraction {unknown}


   Skills:
 + Level 3.0 Fighting
 + Level 1.7 Polearms
 + Level 1.7 Dodging
 + Level 4.6 Stealth


You couldn't memorise any spells.
You didn't know any spells.
Your spell library contained the following spells:

 Spells                   Type           Power      Damage    Failure   Level
 Foxfire                  Conj/Fire      0%         2x1d4     41%         1
 Conjure Flame            Conj/Fire      0%         6-21      80%         3
 Inner Flame              Hex/Fire       0%         N/A       80%         3


Dungeon Overview and Level Annotations

Branches:
Dungeon (5/15)
 Temple: D:4-7

Altars:


Message History

You add the spells Foxfire, Conjure Flame and Inner Flame to your library.
There are no items here.
Found a stone staircase leading down.
A ball python comes into view.
An endoplasm comes into view.
A worm comes into view.
There is a stone staircase leading down here.
A scorpion comes into view.
Found a stone staircase leading up.
Found an escape hatch in the floor.
Found a cloak.
You see here a +0 cloak.
You start putting on your armour.
You continue putting on your +0 cloak. x4
You finish putting on your +0 cloak.
A ball python is nearby!
The helpless ball python fails to defend itself.
You hit the ball python.
You kill the ball python!
There is a stone staircase leading down here.
A goblin comes into view. It is wielding a +0 dagger.
Found 8 gold pieces.
The goblin shouts!
The goblin closely misses you.
You hit the goblin.
You kill the goblin!
The worm bites you.
You hit the worm.
The worm is lightly wounded.
You hit the worm.
The worm is heavily wounded.
The worm closely misses you.
You barely miss the worm.
The worm is moderately wounded.
The worm bites you!
* * * LOW HITPOINT WARNING * * *
You hit the worm.
The worm is moderately wounded.
You hit the worm.
The worm is heavily wounded.
The worm bites you!
You die...

######## ### #......# #.#
##......# #.# ##
#........####.# ..####
#..#####........ #...$.
................ #.....#
#.#####...###..#
.......###.# #...# #..#
......)w@..### #...# #..#
........##...###...# #..#
........##...##....# #..#
.........>.........###.##
........##...##....##..#
.........##.........#...#
.........##.........#...#
......................##..
.........###.###....#.##..


You could see a worm.

Vanquished Creatures
  A goblin (D:3)
  A ball python (D:3)
2 creatures vanquished.

Notes
Turn   | Place    | Note
-------+----------+-------------------------------------------
     0 | D:5      | croobank the Demonspawn Delver began the quest for the Orb.
     0 | D:5      | Reached XP level 1. HP: 18/18 MP: 1/1
    99 | D:3      | Noticed a scorpion
   151 | D:3      | Slain by a worm

Illustrated notes

Levels and vault maps discovered:
D:3:      layout_rooms
D:4:      layout_cave_pools, mainiacjoe_overflow_alcove_4,
          minmay_fractal_squares_gapless_5
D:5:      layout_gridville, mainiacjoe_overflow_small_starburst,
          minmay_temple_entry_glass, kennysheep_generic_room_7

Action                   || total
-------------------------++-------
Melee: Spear             ||     7
  Use: Scroll            ||     1
 Stab: Sleeping          ||     1
Dodge: Dodged            ||     2
